 Dungeon Crawl Stone Soup version 0.25-a0-634-gd1561dc703 (webtiles) character file.

Game seed: 10964450320161851023, levelgen mode: deterministic

354 An17 the Sneak (level 6, 33/33 HPs)
             Began as a Vine Stalker Wanderer on Mar 20, 2020.
             Was a Follower of Yredelemnul.
             Got out of the dungeon alive.
             The game lasted 00:11:58 (2170 turns).

An17 the Sneak (Vine Stalker Wanderer)              Turns: 2170, Time: 00:11:59

Health: 33/33      AC:  5    Str: 16    XL:     6   Next: 63%
Magic:  7/7        EV: 12    Int: 12    God:    Yredelemnul [*.....]
Gold:   93         SH:  0    Dex: 14    Spells: 5/5 levels left

rFire    + . .     SeeInvis .   h - +3 dagger (protect)
rCold    . . .     Gourm    .   (no shield)
rNeg     . . .     Faith    .   m - +0 leather armour
rPois    .         Spirit   +   q - +0 helmet
rElec    .         Reflect  .   (no cloak)
rCorr    .         Harm     .   s - +0 pair of gloves
MR       .....                  (no boots)
Stlth    +++.......             (no amulet)
HPRegen  0.51/turn              o - ring of protection from fire
MPRegen  0.10/turn              (no ring)

@: no status effects
A: fangs 2, regeneration 1, magic shield, antimagic bite, no potion heal 3, rot
immunity
a: Animate Remains, Renounce Religion


You escaped.
You worshipped Yredelemnul.
Yredelemnul was aware of your devotion.
You were hungry.

You visited 1 branch of the dungeon, and saw 3 of its levels.

You collected 93 gold pieces.

Inventory:

Hand Weapons
 a - a +2 dagger
 h - a +3 dagger of protection (weapon)
 p - a +0 short sword of venom
Missiles
 k - a throwing net (quivered)
Armour
 m - a +0 leather armour (worn)
 q - a +0 helmet (worn)
 s - a +0 pair of gloves (worn)
 t - a +0 chain mail
 u - a +0 ring mail
Jewellery
 o - a ring of protection from fire (left hand)
Wands
 j - a wand of digging (6)
 n - a wand of random effects (15)
Scrolls
 d - 3 scrolls of teleportation
 r - a scroll of magic mapping {unknown}
Potions
 b - a potion of haste
 c - 4 potions of curing
 e - 2 potions of heal wounds
 g - 2 potions of invisibility
 i - a potion of brilliance
 l - a potion of flight {unknown}
Comestibles
 f - 7 rations


   Skills:
 + Level 3.7 Fighting
 + Level 2.6(2.8) Short Blades
   Level 1.0(2.0) Long Blades
 + Level 1.0 Throwing
 + Level 0.7 Armour
 * Level 2.4 Dodging
 + Level 5.7 Stealth
   Level 1.0 Shields
 - Level 1.0 Unarmed Combat


You had 5 spell levels left.
You didn't know any spells.
Your spell library was empty.

Dungeon Overview and Level Annotations

Branches:
Dungeon (3/15)

Altars:
Yredelemnul


Innate Abilities, Weirdness & Mutations

You have extremely sharp teeth.
Your natural rate of healing is unusually fast.
When hurt, damage is shared between your health and your magic reserves.
Your bite disrupts and absorbs the magic of your enemies.
Potions cannot restore your health.
You are immune to rotting.


Message History

The rat bites you but does no damage.
You closely miss the rat. Your bite misses the rat.
The rat is heavily wounded.
The rat misses you.
You hit the rat.
You kill the rat!
Yredelemnul accepts your kill.
You see here a rat corpse.
There is a stone staircase leading up here.
You can't go down here!
You climb upwards.
There is a stone staircase leading down here.
You see here a potion of degeneration.
There is a stone staircase leading down here.
There is a stone staircase leading up here.
You climb upwards.
There is a stone staircase leading down here.
There is a staircase leading out of the dungeon here.
Are you sure you want to leave the Dungeon?
This will make you lose the game!
You have escaped!

#.##.##.# ####.###......# #
#.##.##.# #.###.###.## #
#.......# ##...####.#########
####.##########.##.....##.......
#.#####...........####.####..
#.......#########.####.####..
######............##.........
#............##.#.##....
##.....@.....##.#.......
#...........##.#.......
#............#.#..#..#.
#.#########............
#...........##.#.#####.
###.####.#####.#.......
#......####...#####..
######......#..# #.. #####.###.#
#..


There were no monsters in sight!

Vanquished Creatures
  Sigmund (D:2)
  2 orc wizards (D:3)
  An orc priest (D:3)
  Robin (D:2)
  2 adders
  2 worms
  A dart slug (D:1)
  7 orcs (D:3)
  10 bats
  A giant cockroach (D:3)
  17 goblins
  7 hobgoblins
  5 jackals (D:1)
  A quokka (D:3)
  4 frilled lizards
  6 kobolds
  7 rats
75 creatures vanquished.

Notes
Turn   | Place    | Note
-------+----------+-------------------------------------------
     0 | D:1      | An17 the Vine Stalker Wanderer began the quest for the Orb.
     0 | D:1      | An17 set off with the following items: a +2 dagger, a
                  | potion of haste, a potion of curing, a scroll of
                  | teleportation, a +0 robe, a ration
     0 | D:1      | Reached XP level 1. HP: 11/11 MP: 2/2
    63 | D:1      | Reached XP level 2. HP: 16/16 MP: 3/3
   358 | D:1      | Reached XP level 3. HP: 20/20 MP: 4/4
   542 | D:1      | Reached skill level 4 in Stealth
   805 | D:2      | Noticed Sigmund
   836 | D:2      | Killed Sigmund
   836 | D:2      | Reached skill level 1 in Dodging
   836 | D:2      | Reached skill level 5 in Stealth
   836 | D:2      | Gained mutation: Your natural rate of healing is unusually
                  | fast. [Vine Stalker growth]
   836 | D:2      | Reached XP level 4. HP: 7/25 MP: 5/5
   836 | D:2      | Reached XP level 5. HP: 8/28 MP: 6/6
  1137 | D:2      | Noticed Robin
  1192 | D:2      | Killed Robin
  1231 | D:2      | Reached XP level 6. HP: 32/32 MP: 7/7
  1862 | D:3      | Found a faded altar of an unknown god.
  2062 | D:3      | Became a worshipper of Yredelemnul the Dark
  2062 | D:3      | Reached * piety under Yredelemnul
  2170 | D:$      | Got out of the dungeon alive.

Levels and vault maps discovered:
D:1:      minmay_arrival_semitransparent, layout_loops_cross, minivault_19,
          kennysheep_minor_cross
D:2:      layout_rooms, uniq_sigmund, uniq_robin
D:3:      layout_basic, chequers_ecumenical_altar_grove

Skill      XL: |  1  2  3  4  5  6 |
---------------+-------------------+-----
Fighting       | 3 |  3.7
Stealth        | 5 |  5.7
Short Blades   | 2 |  2.6
Dodging        | 1 2 |  2.4
Long Blades    | |  1.0
Throwing       | |  1.0
Armour         | |  0.7
Shields        | |  1.0
Unarmed Combat | |  1.0

Action                   |  1- 3 |  4- 6 || total
-------------------------+-------+-------++-------
Melee: Dagger            |    57 |   182 ||   239
       Bite              |    15 |    43 ||    58
       Punch             |     2 |     1 ||     3
  Use: Scroll            |     3 |     7 ||    10
 Stab: Sleeping          |     7 |     6 ||    13
  Eat: Ration            |       |     1 ||     1
Armor: Robe              |    17 |     1 ||    18
       Leather armour    |       |    66 ||    66
Dodge: Dodged            |    28 |   138 ||   166

Table legend:
 A = Non-vault XP
 B = Vault XP
 C = Vault XP percentage of total XP
 D = Non-vault monster count
 E = Vault monster count
 F = Vault count percentage of total count
                 A         B        C        D         E       F
            +---------+---------+-------+---------+---------+-------
      Total |     258 |     249 |  49.1 |      62 |      13 |  17.3
            +---------+---------+-------+---------+---------+-------
        D:1 |      37 |       0 |   0.0 |      20 |       0 |   0.0
        D:2 |      34 |     249 |  88.0 |      14 |      13 |  48.1
        D:3 |     187 |       0 |   0.0 |      28 |       0 |   0.0
            +---------+---------+-------+---------+---------+-------
